 Dungeon Crawl Stone Soup version 0.31.0-9-g3a7656b989 (webtiles) character file.

Game seed: 10099052634719905204

57 qw the Shooter (level 3, -1/18 HPs)
             Began as a Spriggan Hunter on Feb 2, 2024.
             Slain by a gnoll
             ... wielding a +0 spear
              (4 damage)
             ... on level 2 of the Dungeon.
             The game lasted 00:00:03 (811 turns).

qw the Shooter (Spriggan Hunter)                     Turns: 811, Time: 00:00:04

Health: -1/18      AC:  2    Str:  7    XL:     3   Next: 73%
Magic:  4/4        EV: 19    Int: 10    God:
Gold:   109        SH:  0    Dex: 20    Spells: 2/2 levels left

rFire   . . .        a - +0 shortbow
rCold   + . .        (shield currently unavailable)
rNeg    . . .        c - +0 robe
rPois   .            (helmet restricted)
rElec   .            (no cloak)
rCorr   .            (gloves unavailable)
SInv    +            (boots unavailable)
Will    .....        (no amulet)
Stlth   ++           f - ring of protection from cold
HPRegen 0.23/turn    (no ring)
MPRegen 0.09/turn

%: no passive effects
@: very quick
A: very small, no large weapons, unfitting armour, see invisible, speed 3
a: no special abilities


You were on level 2 of the Dungeon.
You visited 1 branch of the dungeon, and saw 2 of its levels.

You collected 109 gold pieces.


Innate Abilities, Weirdness & Mutations

You are very small and have problems with some larger weapons.
You are too small for most types of armour.
You have supernaturally acute eyesight. (SInv)
You cover ground extremely quickly. (Speed+++)


   Skills:
 - Level 1.5 Fighting
 + Level 4.9 Ranged Weapons
 - Level 4.0 Dodging
 - Level 1.5 Stealth


You had 2 spell levels left.
You didn't know any spells.
Your spell library was empty.

Inventory:

Hand Weapons
 a - a +0 shortbow (weapon)
Armour
 c - a +0 robe (worn)
Jewellery
 f - a ring of protection from cold (left hand)
Potions
 b - a potion of heal wounds {unknown}
 d - a potion of haste
 i - 2 potions of curing

Dungeon Overview and Level Annotations

Branches:
Dungeon (2/15)

Altars:


Message History

The goblin shouts!
The arrow hits the endoplasm but does no damage.
The gnoll hits you but does no damage. The endoplasm freezes you.
You are frozen.
You resist.
You shoot an arrow. The arrow hits the hobgoblin!
You kill the hobgoblin!
The gnoll hits you from afar with a +0 spear.
The endoplasm barely misses you.
You shoot an arrow. The arrow hits the endoplasm!
You kill the endoplasm!
The gnoll barely misses you. The adder bites you.
You shoot an arrow. The arrow hits the adder!
The adder is almost dead.
The gnoll misses you. The adder barely misses you.
You shoot an arrow.
The arrow hits the adder but does no damage.
The adder is almost dead.
The adder misses you. The gnoll misses you. The adder barely misses you.
The gnoll closely misses you.
You shoot an arrow. The arrow hits the adder!
You kill the adder!
The goblin hits you but does no damage. The gnoll closely misses you.
The goblin misses you. The kobold hits you with a +0 dagger.
A gnoll comes into view. It is wielding a +0 halberd.
You shoot an arrow. The arrow closely misses the goblin.
The gnoll shouts!
The gnoll completely misses you. The kobold barely misses you.
The goblin closely misses you.
You shoot an arrow. The arrow hits the goblin.
The goblin is moderately wounded.
The gnoll closely misses you. The goblin closely misses you.
The kobold hits you but does no damage.
You shoot an arrow. The arrow hits the goblin.
You kill the goblin!
The gnoll completely misses you. The kobold misses you.
You shoot an arrow. The arrow hits the kobold!
You kill the kobold!
The gnoll hits you from afar with a +0 spear.
You die...

##...# ##.. #.....
...#..# ...# ......
.####.## #... #....
+#..#..# #.#.##... .#
....##.## #....#..
..## ..}..#..#
#....g.# #..#
#....##.#####...g..#
#..#
#..###%....##...)).#
#..#
####...###..##..@#.#
#..# .#...###
##.####.#.#####..#
...###
##...###.#........#
.###
#.................#
####
.........##.#######.##
...# ####.....##.# #.#
##.# ##...###.# #.#
#.# ##### #.# #.# #.#
#.# #.#


You could see 2 gnolls.

Vanquished Creatures
  An adder (D:2)
  A gnoll (D:2)
  A dart slug (D:2)
  3 ball pythons
  4 bats (D:1)
  An endoplasm (D:2)
  A giant cockroach (D:1)
  3 goblins
  2 hobgoblins
  A quokka (D:1)
  5 frilled lizards
  9 kobolds
  6 rats
38 creatures vanquished.

Notes
Turn   | Place    | Note
-------+----------+-------------------------------------------
     0 | D:1      | qw the Spriggan Hunter began the quest for the Orb.
     0 | D:1      | Reached XP level 1. HP: 10/10 MP: 2/2
     0 | D:1      | 0 ||| qw: Version: 0.3-a-155-g5e7d8dd
     0 | D:1      | 0 ||| qw: Game counter: 1664
     0 | D:1      | 0 ||| qw: Melee chars always use a shield: true
     0 | D:1      | 0 ||| qw: God list: Okawaru
     0 | D:1      | 0 ||| qw: Allow faded altars: false
     0 | D:1      | 0 ||| qw: Do Orc after clearing Dungeon:15 true
     0 | D:1      | 0 ||| qw: Do second Lair branch before Depths: true
     0 | D:1      | 0 ||| qw: Lair rune preference: random
     0 | D:1      | 0 ||| qw: Goals: Normal
     0 | D:1      | 0 ||| PLANNING D:1-11
    18 | D:1      | Reached skill level 3 in Dodging
    67 | D:1      | Reached XP level 2. HP: 14/14 MP: 3/3
   588 | D:1      | 588 ||| UPGRADING to ring of protection from cold.
   589 | D:1      | 589 ||| READING scroll labelled NOTOS SAMOTA.
   590 | D:1      | 590 ||| READING scroll labelled VYB SAUNISHRU.
   590 | D:1      | 590 ||| IDENTIFYING white potion
   591 | D:1      | 591 ||| READING scroll labelled WUFIMU DUBO.
   595 | D:1      | 595 ||| READING scroll labelled ECUULLO JUEKI.
   596 | D:1      | 596 ||| DRINKING 3 emerald potions.
   597 | D:1      | 597 ||| DROPPING scroll of butterflies.
   630 | D:2      | Reached XP level 3. HP: 17/18 MP: 4/4
   796 | D:2      | 796 ||| RETREEEEATING.
   804 | D:2      | HP: 3/18 [adder (3)]
   811 | D:2      | Slain by a gnoll

Levels and vault maps discovered:
D:1:      reono_arrival_forest_river, layout_basic, minmay_pentomino_s2
D:2:      minmay_skewed_foursquare, layout_loops_ring, minmay_tripent

Skill      XL: |  1  2 |
---------------+-------+-----
Dodging        | 3 4 |  4.0
Fighting       | |  1.5
Ranged Weapons | |  4.9
Stealth        | |  1.5

Action                     || total
---------------------------++-------
   Fire: Shortbow          ||   100
    Use: Scroll            ||     4
         Potion            ||     1
 Armour: Robe              ||    18
  Dodge: Dodged            ||    41

Table legend:
 A = Non-vault XP
 B = Vault XP
 C = Vault XP percentage of total XP
 D = Non-vault monster count
 E = Vault monster count
 F = Vault count percentage of total count
                 A         B        C        D         E       F
            +---------+---------+-------+---------+---------+-------
      Total |      79 |       5 |   6.0 |      35 |       3 |   7.9
            +---------+---------+-------+---------+---------+-------
        D:1 |      34 |       3 |   8.1 |      24 |       2 |   7.7
        D:2 |      45 |       2 |   4.3 |      11 |       1 |   8.3
            +---------+---------+-------+---------+---------+-------
